 Dungeon Crawl Stone Soup version 0.26-a0-597-gb535b0901c (webtiles) character file.

Game seed: 8118534106754995906

(classic levelgen) 81267 EnegeticOcto the Severer (level 15, 0/140 HPs)
             Began as a Deep Dwarf Fighter on Aug 27, 2020.
             Was the Champion of Makhleb.
             Slain by an emperor scorpion (5 damage)
             ... on level 4 of the Spider Nest.
             The game lasted 00:14:26 (12454 turns).

EnegeticOcto the Severer (Deep Dwarf Fighter)      Turns: 12454, Time: 00:14:27

Health: 0/140      AC: 26    Str: 25 (26) XL:     15   Next: 26%
Magic:  8/8        EV:  3    Int:  7 (9)  God:    Makhleb [******]
Gold:   940        SH:  0    Dex: 11 (15) Spells: 14/14 levels left

rFire    + + .     SeeInvis .   h - +4 war axe
rCold    + . .     Faith    .   L - +4 tower shield
rNeg     + . .     Spirit   .   b - +4 chain mail {rF+}
rPois    +         Reflect  .   u - +0 helmet
rElec    +         Harm     .   N - scarf {rC+ rF+}
rCorr    .                      y - +2 pair of gloves {Dex+3}
MR       ++...                  a - -1 pair of boots of Wydghuk {rElec Slay+4} (curse)
Stlth    ..........             (no amulet)
HPRegen  0.00/turn              e - +4 ring of protection
MPRegen  0.11/turn              i - ring of poison resistance

@: held, non-regenerating, lightly drained, very slow
A: damage resistance, heal wounds, negative energy resistance 1, sense
surroundings 2, no regeneration
a: Heal Wounds, Minor Destruction, Lesser Servant of Makhleb, Major Destruction,
Greater Servant of Makhleb, Renounce Religion


You were on level 4 of the Spider Nest.
You worshipped Makhleb.
Makhleb was exalted by your worship.
You visited 5 branches of the dungeon, and saw 24 of its levels.

You collected 3562 gold pieces.
You spent 2622 gold pieces at shops.

Inventory:

Hand Weapons
 h - a +4 war axe (weapon)
 E - a +0 short sword of distortion
Missiles
 M - 2 throwing nets (quivered)
Armour
 a - the cursed -1 pair of boots of Wydghuk (worn) {rElec Slay+4}
   (You bought it in a shop on level 2 of the Orcish Mines)

   It affects your accuracy and damage with ranged weapons and melee attacks
   (+4).
   It insulates you from electricity.
   It has a curse placed upon it.
 b - a +4 chain mail of fire resistance (worn)
 u - a +0 helmet (worn)
 v - a +1 chain mail of magic resistance
 y - a +2 pair of gloves of dexterity (worn)
 B - a +2 cloak
 L - a +4 tower shield (worn)
 N - a scarf of resistance (worn)
Jewellery
 e - a +4 ring of protection (left hand)
 i - a ring of poison resistance (right hand)
 C - an uncursed ring of see invisible
 J - the ring of Xedghoffa {rF+ rN+ Str+3}
   (You bought it in a shop on level 9 of the Dungeon)

   [ring of protection from fire]

   It affects your strength (+3).
   It protects you from fire.
   It protects you from negative energy.
 K - an uncursed ring of resist corrosion
Wands
 c - a wand of disintegration (2)
 l - a wand of digging (8) {@v3}
 A - a wand of iceblast (25) {@v2}
 F - a wand of polymorph (16)
 G - a wand of acid (1) {@v1}
Scrolls
 g - 4 scrolls of fog
 n - 5 scrolls of remove curse {@r2}
 q - a scroll of magic mapping {@r5}
 r - 3 scrolls of identify {@r1}
 w - 4 scrolls of teleportation {@r3}
 D - 3 scrolls of immolation {@r4}
 I - 5 scrolls of blinking
 P - a scroll of fear
Potions
 d - 5 potions of might {@q3}
 f - a potion of curing {@q1}
 k - 2 potions of flight
 m - 3 potions of berserk rage
 o - 4 potions of heal wounds {@q2}
 p - 5 potions of lignification {@q7}
 s - a potion of cancellation
 t - 3 potions of haste {@q4}
 x - 4 potions of mutation
 z - a potion of magic
 H - 2 potions of ambrosia
 O - a potion of invisibility
Miscellaneous
 j - a condenser vane (1/2)


   Skills:
 + Level 10.6 Fighting
 * Level 16.6(16.5) Axes
 + Level 12.5 Armour
 + Level 12.5 Shields
 + Level 13.8(13.7) Invocations
 - Level 6.0(5.9) Evocations


You had 14 spell levels left.
You didn't know any spells.
Your spell library was empty.

Dungeon Overview and Level Annotations

Branches:
Dungeon (13/15)            Temple (1/1) D:5            Lair (4/6) D:8
  Swamp (0/4) Lair:4       Spider (4/4) Lair:3          Orc (2/2) D:12
    Elf (0/3) Orc:2
 Vaults: D:13-14

Altars:
Ashenzari
Cheibriados
Dithmenos
Elyvilon
Gozag
Hepliaklqana
Kikubaaqudgha
Makhleb
Nemelex Xobeh
Okawaru
Qazlal
Ru
Sif Muna
Trog
Uskayaw
Vehumet
Wu Jian
Xom
Yredelemnul
Zin
The Shining One
Beogh

Shops:
D:5 }   D:6 [   D:9 =(:   D:11 *   Orc:2 [}:[

Annotations:
Orc:1 2 runed translucent doors, Koagg's ghost, journeyman DECj


Innate Abilities, Weirdness & Mutations

You are resistant to damage.
You can heal yourself by infusing magical energy.
You resist negative energy. (rN+)
You passively map the area around you.
You do not regenerate.


Message History

You feel much better.
The jumping spider pounces on your cacodemon but does no damage.
The jumping spider splashes around in the water.
The jumping spider is engulfed in blazing flames.
The jumping spider pounces on you! The jumping spider bites you.
The emperor scorpion is engulfed in blazing flames.
The emperor scorpion stings you!
* * * LOW HITPOINT WARNING * * *
The emperor scorpion claws you but does no damage. x2
The jumping spider pounces on your cacodemon.
The jumping spider splashes around in the water.
The jumping spider is engulfed in blazing flames.
The jumping spider pounces on you!
* * * LOW HITPOINT WARNING * * *
The jumping spider bites you but does no damage.
The spectral jumping spider is engulfed in blazing flames.
The spectral jumping spider pounces on you.
The spectral jumping spider bites you but does no damage.
The spectral tarantella is engulfed in blazing flames.
The spectral tarantella bites you but does no damage.
The moth of wrath is engulfed in blazing flames.
Your cacodemon is engulfed in blazing flames.
Your cacodemon hits the spectral emperor scorpion!
Your cacodemon hits the spectral emperor scorpion.
The emperor scorpion is engulfed in blazing flames.
The emperor scorpion stings you!
* * * LOW HITPOINT WARNING * * *
The emperor scorpion claws you!
* * * LOW HITPOINT WARNING * * *
The emperor scorpion claws you but does no damage.
The spectral emperor scorpion misses your cacodemon. x2
The spectral emperor scorpion closely misses your cacodemon.
The jumping spider splashes around in the water. x2
You are too injured to fight recklessly!
You are too injured to fight recklessly!
You are too injured to fight recklessly!
You are too injured to fight recklessly!
You are too injured to fight recklessly!
You are too injured to fight recklessly!
You feel much better.
The jumping spider is engulfed in blazing flames.
The jumping spider splashes around in the water. x2
The spectral jumping spider is engulfed in blazing flames.
The spectral jumping spider pounces on you!
* * * LOW HITPOINT WARNING * * *
The spectral jumping spider bites you but does no damage.
The jumping spider pounces on your cacodemon!
The jumping spider splashes around in the water.
The jumping spider is engulfed in blazing flames.
The jumping spider barely misses you.
The jumping spider bites you but does no damage.
The spectral tarantella is engulfed in blazing flames.
The spectral tarantella bites you but does no damage.
The jumping spider splashes around in the water.
The jumping spider barely misses you.
The emperor scorpion is engulfed in blazing flames.
The emperor scorpion stings you but does no damage.
The emperor scorpion barely misses you. The emperor scorpion claws you!
* * * LOW HITPOINT WARNING * * *
The spectral jumping spider is engulfed in blazing flames.
You destroy the spectral jumping spider!
Makhleb accepts your kill.
You feel better.
Your cacodemon is engulfed in blazing flames.
Your cacodemon gestures at the spectral emperor scorpion.
The bolt of energy hits the spectral emperor scorpion!!
The jumping spider is engulfed in a cloud of scalding steam.
The jumping spider splashes around in the water.
The jumping spider barely misses your cacodemon.
The jumping spider is engulfed in blazing flames.
The jumping spider pounces on you!
* * * LOW HITPOINT WARNING * * *
The jumping spider bites you but does no damage.
The spectral tarantella is engulfed in blazing flames.
The spectral tarantella bites you but does no damage.
The spectral emperor scorpion hits your cacodemon!!
Your cacodemon dies!
The jumping spider is engulfed in a cloud of scalding steam.
The jumping spider pounces on you but does no damage.
The jumping spider bites you but does no damage.
You feel much better.
The jumping spider is engulfed in a cloud of scalding steam.
The jumping spider is engulfed in blazing flames.
You kill the jumping spider!
Makhleb accepts your kill.
You feel better.
The emperor scorpion is engulfed in blazing flames.
The emperor scorpion stings you!! The emperor scorpion claws you! x2
* * * LOW HITPOINT WARNING * * *
The spectral tarantella is engulfed in blazing flames.
The spectral tarantella bites you.
* * * LOW HITPOINT WARNING * * *
The jumping spider is engulfed in a cloud of scalding steam.
The jumping spider pounces on you but does no damage.
The jumping spider bites you.
The emperor scorpion is engulfed in blazing flames.
The emperor scorpion stings you!!
* * * LOW HITPOINT WARNING * * *
The emperor scorpion claws you. The emperor scorpion claws you!
You die...

, * , , ,,,#≈.#..##. , ^
*** * *, ,#≈....### , * ,
,,#≈≈...##. , , ##### ##
, ##≈...##. , ,.^ #..≈≈#.
, #≈≈...### , ,...
#≈§§#§, ^ #≈≈≈.## # *
..≈≈#≈§Zy , ,#≈≈≈≈.### ,
, .≈≈≈§§s§# ,#.≈≈≈.##. ,
##≈#§s@########.≈#≈≈##<
,..≈≈§§Z§s≈†..§§..†≈≈≈##.
,
≈≈≈≈#§§§§≈≈.#§§......##.
≈≈≈≈≈§≈≈#≈...§§....^.##.
≈
...≈≈≈..........^...###.
≈ ,
#..^.^.........#....##. *
** *
######################.
##


You could see an emperor scorpion (berserk), a moth of wrath, a spectral
tarantella, a spectral emperor scorpion and 2 jumping spiders.

Vanquished Creatures
  Asterion (Spider:4)
  A ghost moth (Spider:4)
  4 entropy weavers
  Azrael (Orc:2)
  Erolcha (D:9)
  3 hydras
  Fannar (D:11)
  A two-headed ogre (D:9)
  3 orc high priests (Orc:2)
  Urug (Lair:3)
  5 skeletal warriors (D:12)
  Pikel (D:7)
  4 orc knights (Orc:2)
  5 orb spiders
  5 orc sorcerers
  12 wolf spiders
  A deep elf mage (D:12)
  A cyclops (D:11)
  5 elephants
  2 ugly things
  A moth of wrath (Spider:2)
  3 molten gargoyles (D:12)
  A torpor snail (Spider:1)
  A black mamba (Lair:3)
  A cane toad (Lair:2)
  Maggie (D:9)
  10 demonic crawlers
  5 komodo dragons
  A spectral redback (Spider:4)
  2 trolls
  21 jumping spiders
  A polar bear (Lair:3)
  4 hornets
  A spectral jumping spider (Spider:4)
  5 blink frogs (Lair:3)
  47 redbacks
  8 hippogriffs
  25 tarantellas
  4 fire elementals (Orc:2)
  6 wraiths
  10 yaks
  A basilisk (D:8)
  Grum (D:8)
  A wyvern (D:11)
  Menkaure (D:7)
  A warg (Orc:2)
  An acid dragon (D:11)
  3 hell hounds (Orc:2)
  4 porcupines
  4 water moccasins
  19 orc warriors
  An ice beast (D:6)
  4 black bears
  2 sky beasts
  3 phantoms
  7 ogres
  7 wolves
  An eye of draining (Orc:1)
  4 centaurs
  20 crocodiles
  A big kobold (D:9)
  5 bullfrogs
  A gnoll sergeant (D:10)
  A water moccasin skeleton (D:9)
  A wyvern skeleton (D:9)
  2 scorpions
  12 killer bees
  6 wights
  A howler monkey (D:9)
  3 centaur zombies
  A quasit (D:10)
  A bullfrog zombie (D:12)
  A jelly (D:9)
  16 orc priests
  5 hounds
  A centaur skeleton (D:10)
  16 orc wizards
  13 iguanas
  5 worker ants
  A killer bee zombie (D:6)
  A worker ant zombie (D:10)
  8 gnolls
  12 adders
  A shadow imp (D:6)
  2 white imps
  4 ufetubi
  4 oozes
  3 adder skeletons
  A worm (D:2)
  8 leopard geckos
  72 orcs
  6 bats (D:2)
  A giant cockroach (D:1)
  2 goblins
  3 hobgoblins
  3 jackals
  A quokka (D:2)
  A ball python (D:4)
  9 frilled lizards
  4 kobolds (D:9)
  A leopard gecko skeleton (D:5)
  4 rats (D:1)
545 creatures vanquished.

Vanquished Creatures (collateral kills)
  An orc warlord (Orc:1)
  A ghost moth (Spider:4)
  2 emperor scorpions
  An entropy weaver (Spider:1)
  Snorg (Orc:1)
  Josephine (Orc:2)
  Erica (Orc:1)
  2 spectral wolf spiders (Spider:4)
  3 wolf spiders
  A cyclops (Orc:1)
  2 spectral redbacks (Spider:4)
  2 demonic crawlers
  A troll (Orc:1)
  8 jumping spiders
  A hornet (Spider:4)
  A spectral tarantella (Spider:4)
  2 jumping spider zombies (Spider:4)
  11 redbacks
  A wraith (Orc:2)
  6 tarantellas (Spider:4)
  2 wargs (Orc:1)
  An ogre (Orc:1)
  An orc priest (Orc:2)
  An orc wizard (Orc:1)
  4 orcs (Orc:1)
58 creatures vanquished.

Vanquished Creatures (others)
  A molten gargoyle (D:12)
  An orc wizard (Orc:2)
  3 fungi
  12 plants
17 creatures vanquished.

Grand Total: 620 creatures vanquished

Notes
Turn   | Place    | Note
-------+----------+-------------------------------------------
     0 | D:1      | EnegeticOcto the Deep Dwarf Fighter began the quest for the
                  | Orb.
     0 | D:1      | Reached XP level 1. HP: 20/20 MP: 1/1
   168 | D:1      | Reached XP level 2. HP: 27/27 MP: 2/2
   316 | D:2      | Reached skill level 3 in Axes
   344 | D:2      | Reached XP level 3. HP: 31/33 MP: 3/3
   473 | D:3      | Found a shattered altar of Ashenzari.
   547 | D:4      | Reached XP level 4. HP: 42/42 MP: 4/4
   704 | D:4      | Reached skill level 4 in Axes
   704 | D:4      | Reached XP level 5. HP: 32/49 MP: 5/5
   778 | D:4      | Noticed an ogre
   788 | D:4      | Killed an ogre
   791 | D:4      | Reached XP level 6. HP: 48/56 MP: 6/6
  1025 | D:5      | Entered Level 5 of the Dungeon
  1035 | D:5      | Found a staircase to the Ecumenical Temple.
  1044 | Temple   | Entered the Ecumenical Temple
  1090 | Temple   | Became a worshipper of Makhleb the Destroyer
  1247 | D:5      | Reached skill level 5 in Axes
  1247 | D:5      | Reached skill level 1 in Invocations
  1363 | D:5      | Reached XP level 7. HP: 59/64 MP: 8/8
  1431 | D:5      | Found Lafroiro's Gadget Emporium.
  1684 | D:5      | Found a radiant altar of Vehumet.
  1684 | D:5      | Found a basalt altar of Yredelemnul.
  1684 | D:5      | Found a sand-covered staircase.
  1689 | D:5      | Found a hide-covered altar of Uskayaw.
  1701 | D:5      | Reached skill level 5 in Armour
  1701 | D:5      | Reached skill level 5 in Shields
  1759 | D:5      | Found an iron altar of Okawaru.
  1816 | D:5      | Found a sparkling altar of Nemelex Xobeh.
  2013 | D:6      | Reached skill level 6 in Axes
  2093 | D:6      | Found Xun Ceg's Armour Emporium.
  2098 | D:6      | Bought a +1 pair of gloves of dexterity for 181 gold pieces
  2142 | D:6      | Reached XP level 8. HP: 30/73 MP: 9/9
  2156 | D:6      | Reached * piety under Makhleb
  2176 | D:6      | Found a glowing golden altar of the Shining One.
  2281 | D:6      | Found an opulent altar of Gozag.
  2295 | D:6      | Reached skill level 7 in Axes
  2561 | D:7      | Reached skill level 5 in Fighting
  2707 | D:7      | Reached skill level 5 in Invocations
  2773 | D:7      | Reached skill level 8 in Axes
  2807 | D:7      | Noticed Pikel
  2834 | D:7      | Killed Pikel
  2834 | D:7      | Gained mutation: You passively map the area around you.
                  | [Deep Dwarf growth]
  2834 | D:7      | Reached XP level 9. HP: 58/81 MP: 9/11
  2862 | D:7      | Noticed Menkaure
  2874 | D:7      | Killed Menkaure
  2923 | D:7      | Found an ornate altar of the Wu Jian Council.
  3279 | D:8      | Identified a scroll of acquirement
  3279 | D:8      | Acquired 1890 gold pieces
  3348 | D:5      | Bought a condenser vane (2/2) for 220 gold pieces
  3394 | D:6      | Bought a +2 cloak for 181 gold pieces
  3426 | D:8      | Noticed Grum
  3449 | D:8      | Reached skill level 1 in Evocations
  3450 | D:8      | Reached skill level 9 in Axes
  3467 | D:8      | Killed Grum
  3490 | D:8      | Noticed an elephant
  3491 | D:8      | Found a staircase to the Lair.
  3532 | D:8      | Killed an elephant
  3552 | D:8      | Reached XP level 10. HP: 41/91 MP: 11/11
  3558 | D:8      | Reached ** piety under Makhleb
  3742 | D:8      | Found a white marble altar of Elyvilon.
  3779 | D:8      | Found a bloodstained altar of Trog.
  3969 | D:9      | Noticed Erolcha
  3989 | D:9      | Killed Erolcha
  4066 | D:9      | Found Sexev's Jewellery Emporium.
  4079 | D:9      | Bought the ring of Xedghoffa {rF+ rN+ Str+3} for 595 gold
                  | pieces
  4079 | D:9      | Bought an uncursed ring of resist corrosion for 280 gold
                  | pieces
  4099 | D:9      | Reached skill level 10 in Axes
  4120 | D:9      | Noticed Maggie
  4139 | D:9      | Killed Maggie
  4188 | D:9      | Found Odajuobe's Weapon Boutique.
  4269 | D:9      | Found Hokkoh's Book Emporium.
  4427 | D:9      | Noticed a two-headed ogre
  4437 | D:9      | Killed a two-headed ogre
  4482 | D:9      | Reached skill level 5 in Evocations
  4493 | D:9      | Reached *** piety under Makhleb
  4555 | D:9      | Reached XP level 11. HP: 72/99 MP: 12/12
  5059 | D:10     | Entered Level 10 of the Dungeon
  5913 | D:10     | Reached skill level 11 in Axes
  6264 | D:11     | Reached **** piety under Makhleb
  6400 | D:11     | Noticed a purple ugly thing
  6410 | D:11     | Killed a purple ugly thing
  6446 | D:11     | Noticed Fannar
  6486 | D:11     | Killed Fannar
  6573 | D:11     | Found Wyerchal's Demolitions Depot.
  6780 | D:11     | Bought a scroll of immolation for 42 gold pieces
  6807 | D:12     | Noticed a skeletal warrior
  6807 | D:12     | Noticed a skeletal warrior
  6807 | D:12     | Noticed a skeletal warrior
  6807 | D:12     | Noticed a skeletal warrior
  6807 | D:12     | Noticed a skeletal warrior
  6827 | D:12     | Killed a skeletal warrior
  6828 | D:12     | Killed a skeletal warrior
  6829 | D:12     | Killed a skeletal warrior
  6848 | D:12     | Killed a skeletal warrior
  6865 | D:12     | Killed a skeletal warrior
  6865 | D:12     | Reached skill level 12 in Axes
  6875 | D:12     | Noticed a deep elf mage
  6897 | D:12     | Killed a deep elf mage
  7060 | D:12     | Reached XP level 12. HP: 105/110 MP: 10/10
  7176 | D:12     | Found a staircase to the Orcish Mines.
  7552 | Orc:1    | Entered Level 1 of the Orcish Mines
  7553 | Orc:1    | Found a large runed translucent door.
  7553 | Orc:1    | Found a large runed translucent door.
  7553 | Orc:1    | Noticed Sonja
  7898 | Orc:1    | Noticed Sonja
  7898 | Orc:1    | Sonja changed into Sonja the eye of draining
  7903 | Orc:1    | Killed Sonja the eye of draining
  7978 | Orc:1    | Reached skill level 10 in Invocations
  7984 | Orc:1    | Reached ***** piety under Makhleb
  8015 | Orc:1    | Noticed Snorg
  8016 | Orc:1    | Noticed Erica
  8028 | Orc:1    | Killed Snorg
  8030 | Orc:1    | Killed Erica
  8039 | Orc:1    | Found a roughly hewn altar of Beogh.
  8129 | Orc:1    | Noticed Koagg's ghost (journeyman DECj)
  8192 | Orc:1    | Noticed an orc warlord
  8218 | Orc:1    | Killed an orc warlord
  8309 | Orc:1    | Reached skill level 10 in Armour
  8426 | Orc:2    | Entered Level 2 of the Orcish Mines
  8517 | Orc:2    | Noticed Nessos
  8526 | Orc:2    | Found a staircase to the Elven Halls.
  8528 | Orc:2    | Noticed Nessos
  8528 | Orc:2    | Nessos changed into Nessos the jumping spider
  8553 | Orc:2    | Killed Nessos the jumping spider
  8562 | Orc:2    | Noticed Josephine
  8565 | Orc:2    | Reached skill level 13 in Axes
  8573 | Orc:2    | Killed Josephine
  8573 | Orc:2    | Reached skill level 10 in Shields
  8713 | Orc:2    | Noticed an orc high priest
  8719 | Orc:2    | Noticed an orc high priest
  8738 | Orc:2    | Killed an orc high priest
  8741 | Orc:2    | Killed an orc high priest
  8830 | Orc:2    | Reached XP level 13. HP: 83/118 MP: 8/8
  8894 | Orc:2    | Found Yceigo's Gadget Emporium.
  8894 | Orc:2    | Found Foriufuss's Antique Armour Emporium.
  8900 | Orc:2    | Found Rouny's Armour Boutique.
  8900 | Orc:2    | Found Puan's Book Boutique.
  8907 | Orc:2    | Bought a pair of spiked boots for 228 gold pieces
  8951 | Orc:2    | Bought a wand of digging (4) for 272 gold pieces
  8953 | Orc:2    | Bought a +2 tower shield for 214 gold pieces
  8963 | Orc:2    | Identified the cursed -1 pair of boots of Wydghuk {rElec
                  | Slay+4} (You bought it in a shop on level 2 of the Orcish
                  | Mines)
  8974 | Orc:2    | Bought a +4 chain mail of fire resistance for 409 gold
                  | pieces
  9129 | Orc:2    | Noticed Azrael
  9146 | Orc:2    | Killed Azrael
  9220 | Orc:2    | Found a burning altar of Makhleb.
  9470 | Lair:1   | Entered Level 1 of the Lair of Beasts
  9740 | Lair:2   | Reached skill level 14 in Axes
 10260 | Lair:3   | Found a hole to the Spider Nest.
 10657 | Lair:3   | Noticed Urug
 10666 | Lair:3   | Killed Urug
 10824 | Lair:3   | Reached ****** piety under Makhleb
 11047 | Lair:4   | Found a staircase to the Swamp.
 11087 | Spider:1 | Entered Level 1 of the Spider Nest
 11125 | Spider:1 | Noticed an entropy weaver
 11126 | Spider:1 | Noticed an emperor scorpion
 11135 | Spider:1 | Noticed a blizzard demon
 11152 | Spider:1 | Noticed an entropy weaver
 11164 | Spider:1 | Noticed an entropy weaver
 11234 | Spider:1 | Gained mutation: You resist negative energy. (rN+) [Deep
                  | Dwarf growth]
 11234 | Spider:1 | Reached XP level 14. HP: 129/129 MP: 8/8
 11267 | Spider:1 | Reached skill level 15 in Axes
 11282 | Spider:1 | Killed an entropy weaver
 11327 | Spider:1 | Killed an entropy weaver
 11381 | Spider:1 | Killed an entropy weaver
 11404 | Spider:1 | Killed an emperor scorpion
 11434 | Spider:2 | Reached skill level 10 in Fighting
 11571 | Spider:2 | Noticed an entropy weaver
 11596 | Spider:2 | Killed an entropy weaver
 11602 | Spider:2 | Noticed an entropy weaver
 11629 | Spider:2 | Killed an entropy weaver
 11630 | Spider:2 | Reached skill level 16 in Axes
 11824 | Spider:4 | Entered Level 4 of the Spider Nest
 11860 | Spider:4 | Killed a ghost moth
 12096 | Spider:4 | Reached XP level 15. HP: 140/140 MP: 9/9
 12345 | Spider:4 | Noticed Asterion
 12353 | Spider:4 | Noticed an Executioner
 12370 | Spider:4 | Killed Asterion
 12373 | Spider:4 | Killed a ghost moth
 12436 | Spider:4 | Noticed an Executioner
 12454 | Spider:4 | HP: 5/140 [emperor scorpion (24)]
 12454 | Spider:4 | Slain by an emperor scorpion

Illustrated notes

Levels and vault maps discovered:
D:1:      lemuel_arrival_funnel, layout_loops_cross, minmay_misc_feat_columns
D:2:      layout_rooms, uniq_crazy_yiuf_cottage
D:3:      layout_loops_corners, ashenzari_conservatory_becter, fedhas_altar_2,
          minmay_misc_feat_doors, uniq_jessica
D:4:      layout_cave_pools
D:5:      layout_rooms, okawaru_metal_pillars_1_2, marbit_many_paths,
          grunt_temple_overflow_open, minmay_temple_entry_slanted, serial_shops,
          shop_statue, serial_co_window_serial, co_window_corner_a,
          co_window_corner_a, co_window_cross_1, co_window_paths_b,
          co_window_corner_a, co_window_paths_c, co_window_unsneaky_path_b,
          co_window_4corner_b, glass_columns_c, glass_columns_c,
          glass_columns_b, glass_columns_a, glass_columns_a,
          nicolae_ossuary_entry_ruins
D:6:      layout_rooms, old_standard_altar, tso_oasis_becter, serial_shops,
          kennysheep_little_box, lemuel_another_geyser
D:7:      layout_loops_cross, lemuel_doored_altar, uniq_menkaure, uniq_pikel
D:8:      layout_basic, nicolae_overflow_hidden_temple, kennysheep_mini_moat,
          david_lair_generic, uniq_grum
D:9:      hangedman_cross_stitches, layout_stronghold, serial_shops, shop,
          nicolae_shop_temple_entry_statues_fountains, nicolae_shop_waterfront,
          uniq_erolcha, uniq_maggie
D:10:     layout_loops_corners
D:11:     layout_basic, gauntlet_entry_generic, nicolae_blasting_shop,
          uniq_fannar
D:12:     layout_roguey, orc_0_dummy, kennysheep_diamond,
          hangedman_abyss_or_decor_jellyfish_corner, minivault_8
D:13:     layout_basic, erik_vaults_1, portal_ice_cave_entry_imps
Temple:   jpeg_temple_alley_garden
Lair:1:   layout_misc_corridors, minivault_24
Lair:2:   layout_misc_corridors, chequers_serial_rivers_micro_b, st_stairs_4
Lair:3:   lemuel_reptile_caves, layout_regular_city, spider_nest_entry_rubble,
          wad_woods_road_04, grunt_megastairs_5, uniq_urug
Lair:4:   layout_cave_shapes, swamp_mist
Spider:1: layout_spider_delve
Spider:2: layout_spider_delve
Spider:3: layout_spider_delve
Spider:4: floodkiller_spider_rune_tomb, uniq_asterion
Orc:1:    layout_diamond_mine, ebering_ghost_disaster_area, basic_altar,
          uniq_sonja, uniq_erica, uniq_snorg
Orc:2:    st_orc_elflike, layout_caves, basic_altar, uniq_nessos, uniq_azrael,
          uniq_josephine

Skill      XL: |  1  2  3  4  5  6  7  8  9 10 11 12 13 14 |
---------------+-------------------------------------------+-----
Axes           | 3 4 5 6 8 9 10 12 13 14 16 | 16.6
Fighting       | 3 4 5 6 7 8 9 10 | 10.6
Armour         | 4 5 6 7 8 9 10 11 12 | 12.5
Shields        | 4 5 6 7 8 9 10 11 12 | 12.5
Invocations    | 2 3 5 6 8 9 11 12 13 | 13.8
Evocations     | 2 5 6 |  6.0

Action                   |  1- 3 |  4- 6 |  7- 9 | 10-12 | 13-15 || total
-------------------------+-------+-------+-------+-------+-------++-------
Melee: War axe           |    82 |   105 |   406 |   902 |   798 ||  2293
Invok: Lesser Servant of |       |       |       |    10 |    13 ||    23
       Greater Servant o |       |       |       |       |     4 ||     4
 Abil: Heal Wounds       |     1 |     3 |     9 |    26 |    36 ||    75
Evoke: Condenser vane    |       |       |       |     3 |     5 ||     8
       Wand              |       |       |       |    15 |     7 ||    22
  Use: Scroll            |       |       |    15 |     9 |    13 ||    37
       Potion            |       |       |       |       |     9 ||     9
 Stab: Distracted        |       |       |       |     3 |     4 ||     7
Armor: Scale mail        |    53 |    35 |     2 |       |       ||    90
       Chain mail        |       |       |   264 |   475 |   964 ||  1703
Dodge: Dodged            |    35 |    33 |   112 |   212 |   277 ||   669
Block: Kite shield       |    50 |    55 |   288 |   523 |     3 ||   919
       Tower shield      |       |       |       |       |  1388 ||  1388

Table legend: (Time is in decaauts)
 A = Elapsed time spent in this place.
 B = Non-inter-level travel time spent in this place.
 C = Inter-level travel time spent in this place.
 D = Time resting spent in this place.
 E = Time spent auto-exploring this place.
 F = Levels seen in this place.
 G = Mean time per level.
                   A        B        C        D        E       F      G
               +--------+--------+--------+--------+--------+-----+--------+
         Total |  12512 |  11632 |    880 |    387 |   7323 |  24 |  521.3 |
       Dungeon |   8115 |   7466 |    649 |    313 |   4852 |  13 |  624.2 |
        Temple |     83 |     47 |     36 |      0 |     29 |   1 |   83.0 |
          Lair |   1602 |   1514 |     88 |      0 |   1159 |   4 |  400.5 |
   Spider Nest |   1285 |   1272 |     13 |     70 |    417 |   4 |  321.2 |
  Orcish Mines |   1425 |   1333 |     92 |      4 |    865 |   2 |  712.5 |
               +--------+--------+--------+--------+--------+-----+--------+

Top non-repeatable levels by time:
     D:9: 1117 daAuts
    D:12: 1113 daAuts
    D:10: 1087 daAuts
     D:5: 940 daAuts
  Lair:3: 865 daAuts
   Orc:2: 853 daAuts
     D:7: 749 daAuts
    D:11: 717 daAuts
     D:8: 693 daAuts
     D:6: 608 daAuts
Spider:4: 600 daAuts
  Lair:2: 599 daAuts
   Orc:1: 571 daAuts
     D:4: 549 daAuts
Spider:1: 306 daAuts
